 Dungeon Crawl Stone Soup version 0.25-a0-100-g33052ceff8 (console) character file.

Game seed: 4238695974301487363, levelgen mode: deterministic

4204 Kagalorn the Magician (level 10, 0/74 HPs)
             Began as a Gnoll Air Elementalist on Nov 15, 2019.
             Was an Initiate of Cheibriados.
             Slain by a three-headed hydra (15 damage)
             ... on level 8 of the Dungeon.
             The game lasted 00:29:05 (8199 turns).

Kagalorn the Magician (Gnoll Air Elementalist)      Turns: 8199, Time: 00:29:06

Health: 0/74       AC:  5    Str: 11    XL:     10   Next: 29%
Magic:  13/20      EV: 20    Int: 22    God:    Cheibriados [......]
Gold:   372        SH:  0    Dex: 17    Spells: 18/23 levels left

rFire    . . .     SeeInvis .   E - +0 rapier
rCold    . . .     Gourm    .   (no shield)
rNeg     . . .     Faith    .   a - +0 robe
rPois    .         Spirit   .   I - +0 helmet
rElec    .         Reflect  .   (no cloak)
rCorr    .         Harm     .   w - +0 pair of gloves
MR       .....                  (no boots)
Stlth    ++++......             (no amulet)
HPRegen  0.22/turn              O - +1 ring of protection
MPRegen  0.17/turn              k - +3 ring of evasion

@: very slow
A: distributed training, fangs 1, strong nose
a: Bend Time, Renounce Religion


You were on level 8 of the Dungeon.
You worshipped Cheibriados.
Cheibriados was noncommittal.
You were not hungry.

You visited 2 branches of the dungeon, and saw 9 of its levels.
You also visited: Bailey.

You collected 429 gold pieces.
You spent 57 gold pieces at shops.

Inventory:

Hand Weapons
 E - a +0 rapier (weapon)
 N - a +2 fustibalus of flaming
Missiles
 f - 5 silver boomerangs
 i - 150 stones (quivered)
 m - 40 bolts
 q - 40 arrows
 B - 68 sling bullets
 Q - 34 poisoned darts
Armour
 a - a +0 robe (worn)
 o - a +0 ring mail
 w - a +0 pair of gloves (worn)
 I - a +0 helmet (worn)
 P - a +0 plate armour
Jewellery
 h - an uncursed ring of stealth
 k - a +3 ring of evasion (right hand)
 O - a +1 ring of protection (left hand)
Wands
 F - a wand of enslavement (6)
Scrolls
 e - 2 scrolls of magic mapping {unknown}
 g - 2 scrolls of enchant weapon
 j - 3 scrolls of fog {unknown}
 l - 7 scrolls of remove curse
 n - a scroll of blinking {unknown}
 y - 4 scrolls of teleportation {unknown}
 z - 2 scrolls of immolation {unknown}
 D - a scroll of amnesia
 G - a scroll of enchant armour
 J - a scroll of fear {unknown}
Potions
 b - a potion of cancellation
 d - 6 potions of curing {unknown}
 p - a potion of resistance
 r - a potion of flight
 t - a potion of invisibility
 u - 3 potions of haste
 v - 2 potions of lignification
 x - a potion of might
 A - a potion of mutation
 C - a potion of agility
 H - 2 potions of brilliance
 L - a potion of ambrosia
Comestibles
 c - 23 rations


   Skills:
 + Level 5.0 Fighting
 + Level 5.0 Short Blades
 + Level 5.0 Long Blades
 + Level 5.0 Axes
 + Level 5.0 Maces & Flails
 + Level 5.0 Polearms
 + Level 5.0 Staves
 + Level 5.0 Slings
 + Level 5.0 Bows
 + Level 5.0 Crossbows
 + Level 5.0 Throwing
 + Level 5.0 Armour
 + Level 6.9 Dodging
 + Level 6.6 Stealth
 + Level 5.0 Shields
 + Level 5.0 Unarmed Combat
 + Level 7.2 Spellcasting
 + Level 4.7 Conjurations
 + Level 4.1 Hexes
 + Level 4.1 Charms
 + Level 4.1 Summonings
 + Level 4.1 Necromancy
 + Level 4.1 Translocations
 + Level 4.1 Transmutations
 + Level 4.1 Fire Magic
 + Level 4.1 Ice Magic
 + Level 7.0 Air Magic
 + Level 4.1 Earth Magic
 + Level 4.1 Poison Magic
 + Level 5.5 Invocations
 + Level 5.0 Evocations


You had 18 spell levels left.
You knew the following spells:

 Your Spells              Type           Power        Failure   Level  Hunger
a - Shock                 Conj/Air       ####         1%          1    None
b - Static Discharge      Conj/Air       ####....     2%          3    None
c - Freeze                Ice            ####         1%          1    None

Your spell library contained the following spells:

 Spells                   Type           Power        Failure   Level  Hunger
 Swiftness                Chrm/Air       ####....     1%          2    None
 Throw Frost              Conj/Ice       ####..       1%          2    None
 Ozocubu's Armour         Chrm/Ice       ####....     4%          3    None
 Airstrike                Air            #####.....   4%          4    ###....
 Throw Icicle             Conj/Ice       ####....     13%         4    ###....
 Summon Ice Beast         Ice/Summ       ####....     14%         4    ###....
 Lightning Bolt           Conj/Air       ####......   21%         5    #####..


Dungeon Overview and Level Annotations

Branches:
Dungeon (8/15)             Temple (1/1) D:5          Bailey (visited)
   Lair: D:8-11

Altars:
Cheibriados
Dithmenos
Elyvilon
Gozag
Hepliaklqana
Kikubaaqudgha
Makhleb
Nemelex Xobeh
Okawaru
Qazlal
Ru
Trog
Uskayaw
Vehumet
Wu Jian
Yredelemnul
Zin
The Shining One

Shops:
D:4 *


Innate Abilities, Weirdness & Mutations

Your experience applies equally to all skills.
You have very sharp teeth.
Your uncanny sense of smell can sniff out nearby items.


Message History

Okay, then.
Unknown command.
Unknown command.
Casting: Freeze (safe; 1% risk of failure)
Confirm with . or Enter, or press ? or * to list all spells.
The three-headed hydra is struck by an arc of lightning.
The three-headed hydra is moderately wounded.
You are struck by an arc of lightning.
The three-headed hydra is struck by an arc of lightning!
The three-headed hydra is heavily wounded.
The lightning grounds out.
The three-headed hydra bites you!
* * * LOW HITPOINT WARNING * * *
The three-headed hydra completely misses you.
The three-headed hydra misses you.
Okay, then.
As you read the scroll labeled DIUPLE JYINU, it crumbles to dust.
It is a scroll of enchant weapon.
Your +1 fustibalus of flaming glows red for a moment.
The three-headed hydra bites you!
You die...

#### .[.#
...##
....#
..#<#
###.# #.#
##########
#.#
#K%D.....#
#.#
#).#@....#
###.#
#+###'''##
....#
#.≈P.....#
#####
#P≈≈.....#
+
#≈)P..P..#
#
#P≈......#
#
#PP≈.≈.≈.#
#
#####.####
#######..#


You could see a three-headed hydra and a big kobold.

Vanquished Creatures
  An orc knight (Bailey)
  A gargoyle (D:7)
  Grinder (D:3)
  2 dream sheep (D:8)
  2 yaks (D:8)
  Eustachio (D:6)
  A water moccasin (D:6)
  3 orc warriors
  An ice beast (D:5)
  2 sky beasts
  A phantom (D:5)
  3 ogres
  2 big kobolds (D:8)
  Blork the orc (D:6)
  2 bullfrogs
  6 scorpions
  3 wights (D:7)
  3 killer bees (D:6)
  A howler monkey (D:6)
  A centaur zombie (D:5)
  A crimson imp (D:7)
  3 hounds
  An orc priest (D:6)
  3 orc wizards
  An iguana (D:7)
  2 worker ants
  A hound skeleton (D:4)
  A worker ant zombie (D:6)
  A howler monkey skeleton (D:7)
  7 adders
  2 shadow imps
  An adder skeleton (D:3)
  A worm (D:7)
  4 dart slugs
  2 leopard geckos
  15 orcs
  2 ball pythons
  A giant cockroach (D:1)
  11 goblins
  9 hobgoblins
  12 jackals
  18 kobolds
  7 quokkas
  5 bats
  7 frilled lizards
  A jackal skeleton (D:4)
  A quokka zombie (D:5)
  3 rats
161 creatures vanquished.

Notes
Turn   | Place    | Note
-------+----------+-------------------------------------------
     0 | D:1      | Kagalorn the Gnoll Air Elementalist began the quest for the
                  | Orb.
     0 | D:1      | Reached XP level 1. HP: 13/13 MP: 6/6
   149 | D:1      | Reached XP level 2. HP: 19/19 MP: 1/7
   974 | D:2      | Reached XP level 3. HP: 25/25 MP: 7/9
  1024 | D:2      | Reached skill level 5 in Spellcasting
  1282 | D:2      | Reached skill level 1 in Invocations
  1362 | D:2      | Found a glowing silver altar of Zin.
  1391 | D:2      | Found an iron altar of Okawaru.
  1417 | D:2      | Reached skill level 1 in Fighting
  1417 | D:2      | Reached skill level 1 in Short Blades
  1417 | D:2      | Reached skill level 1 in Long Blades
  1417 | D:2      | Reached skill level 1 in Axes
  1417 | D:2      | Reached skill level 1 in Maces & Flails
  1417 | D:2      | Reached skill level 1 in Polearms
  1417 | D:2      | Reached skill level 1 in Staves
  1417 | D:2      | Reached skill level 1 in Slings
  1417 | D:2      | Reached skill level 1 in Bows
  1417 | D:2      | Reached skill level 1 in Crossbows
  1417 | D:2      | Reached skill level 1 in Throwing
  1417 | D:2      | Reached skill level 1 in Armour
  1417 | D:2      | Reached skill level 1 in Shields
  1417 | D:2      | Reached skill level 1 in Unarmed Combat
  1417 | D:2      | Reached skill level 1 in Evocations
  1757 | D:2      | Found a stormy altar of Qazlal.
  1844 | D:3      | Noticed Grinder
  1854 | D:3      | Reached XP level 4. HP: 32/32 MP: 7/11
  1861 | D:3      | Killed Grinder
  1861 | D:3      | Reached skill level 1 in Hexes
  1861 | D:3      | Reached skill level 1 in Charms
  1861 | D:3      | Reached skill level 1 in Summonings
  1861 | D:3      | Reached skill level 1 in Necromancy
  1861 | D:3      | Reached skill level 1 in Translocations
  1861 | D:3      | Reached skill level 1 in Transmutations
  1861 | D:3      | Reached skill level 1 in Fire Magic
  1861 | D:3      | Reached skill level 1 in Ice Magic
  1861 | D:3      | Reached skill level 1 in Earth Magic
  1861 | D:3      | Reached skill level 1 in Poison Magic
  1861 | D:3      | Reached XP level 5. HP: 31/38 MP: 1/12
  1861 | D:3      | Reached XP level 6. HP: 36/44 MP: 1/13
  2117 | D:3      | Found a radiant altar of Vehumet.
  2119 | D:3      | Found an ancient bone altar of Kikubaaqudgha.
  2628 | D:3      | Found an opulent altar of Gozag.
  2630 | D:3      | Found a hazy altar of Hepliaklqana.
  2844 | D:4      | Reached skill level 5 in Dodging
  3121 | D:4      | Learned a level 3 spell: Static Discharge
  3142 | D:4      | Found a sparkling altar of Nemelex Xobeh.
  3227 | D:4      | Reached XP level 7. HP: 50/50 MP: 9/15
  3551 | D:4      | Found Vasuphue's Assorted Antiques.
  3559 | D:4      | Bought a scroll labeled DIUPLE JYINU for 19 gold pieces
  3559 | D:4      | Bought a scroll labeled ANNAESOAROD for 19 gold pieces
  3559 | D:4      | Bought a scroll labeled OCARUHEMUU for 19 gold pieces
  3641 | D:5      | Entered Level 5 of the Dungeon
  3806 | D:5      | Found a shadowy altar of Dithmenos.
  3905 | D:5      | Reached skill level 5 in Stealth
  4296 | D:5      | Reached XP level 8. HP: 57/57 MP: 8/16
  4374 | D:5      | Found a staircase to the Ecumenical Temple.
  4383 | Temple   | Entered the Ecumenical Temple
  5135 | D:6      | Learned a level 1 spell: Freeze
  5268 | D:6      | Noticed Eustachio
  5275 | D:6      | Killed Eustachio
  5712 | D:6      | Got a spiked leather armour
  5850 | D:6      | Reached XP level 9. HP: 52/65 MP: 6/18
  5854 | D:6      | Noticed Blork the orc
  5861 | D:6      | Killed Blork the orc
  6335 | D:7      | Found a flagged portal.
  6405 | Bailey   | Entered a bailey
  6426 | Bailey   | Identified the +1 leather armour of Baldness {-Cast rN+
                  | MR+} (You found it on level 6 of the Dungeon)
  6767 | Bailey   | Noticed an orc knight
  7202 | Bailey   | Found a bloodstained altar of Trog.
  7230 | Bailey   | Killed an orc knight
  7471 | D:7      | Reached skill level 5 in Invocations
  7491 | D:7      | Noticed a gargoyle
  7577 | D:7      | Killed a gargoyle
  7619 | D:7      | Found a snail-covered altar of Cheibriados.
  7639 | D:7      | Became a worshipper of Cheibriados the Contemplative
  7799 | D:7      | Found a basalt altar of Yredelemnul.
  7906 | D:8      | Reached XP level 10. HP: 73/73 MP: 15/20
  8045 | D:8      | Reached skill level 5 in Fighting
  8045 | D:8      | Reached skill level 5 in Short Blades
  8045 | D:8      | Reached skill level 5 in Long Blades
  8045 | D:8      | Reached skill level 5 in Axes
  8045 | D:8      | Reached skill level 5 in Maces & Flails
  8045 | D:8      | Reached skill level 5 in Polearms
  8045 | D:8      | Reached skill level 5 in Staves
  8045 | D:8      | Reached skill level 5 in Slings
  8045 | D:8      | Reached skill level 5 in Bows
  8045 | D:8      | Reached skill level 5 in Crossbows
  8045 | D:8      | Reached skill level 5 in Throwing
  8045 | D:8      | Reached skill level 5 in Armour
  8045 | D:8      | Reached skill level 5 in Shields
  8045 | D:8      | Reached skill level 5 in Unarmed Combat
  8045 | D:8      | Reached skill level 5 in Evocations
  8186 | D:8      | Noticed a three-headed hydra
  8196 | D:8      | HP: 2/74 [three-headed hydra (13)]
  8199 | D:8      | Slain by a three-headed hydra

Levels and vault maps discovered:
D:1:      elethiomel_arrival_maze, layout_basic, chequers_serial_rivers_small_b,
          minmay_tromino_i4
D:2:      layout_loops_corners, lemuel_coloured_pillars_altar,
          lemuel_doored_altar, okawaru_metal_pillars_3
D:3:      layout_loops_ring, nicolae_overflow_hidden_temple, first_ration,
          minmay_randomly_rotated_circles, uniq_grinder
D:4:      layout_loops_corners, nemelex_xobeh_ov_fountains_minmay, serial_shops,
          nicolae_shop_temple_entry_statues_fountains,
          hangedman_decor_diamond_cutter
D:5:      layout_loops_corners, lemuel_temple_firewalk_a,
          nicolae_dithmenos_shadow_blocks
D:6:      layout_loops_cross, uniq_blork_the_orc, uniq_eustachio
D:7:      layout_rooms, kennysheep_mini_moat, cheibrodos_worm_habitat,
          enter_bailey_3, kennysheep_generic_room_3
D:8:      layout_basic, minmay_misc_feat_tiny, hangedman_ranch
          [blue_anna_fruit_fields]
Temple:   compressed_dpeg_triangle_lava_temple

Skill      XL: |  1  2  3  4  5  6  7  8  9 10 |
---------------+-------------------------------+-----
Conjurations   | 2 3 4 |  4.7
Spellcasting   | 5 6 7 |  7.2
Invocations    | 1 2 3 4 5 |  5.5
Fighting       | 1 2 3 4 5 |  5.0
Short Blades   | 1 2 3 4 5 |  5.0
Long Blades    | 1 2 3 4 5 |  5.0
Axes           | 1 2 3 4 5 |  5.0
Maces & Flails | 1 2 3 4 5 |  5.0
Polearms       | 1 2 3 4 5 |  5.0
Staves         | 1 2 3 4 5 |  5.0
Slings         | 1 2 3 4 5 |  5.0
Bows           | 1 2 3 4 5 |  5.0
Crossbows      | 1 2 3 4 5 |  5.0
Throwing       | 1 2 3 4 5 |  5.0
Armour         | 1 2 3 4 5 |  5.0
Shields        | 1 2 3 4 5 |  5.0
Unarmed Combat | 1 2 3 4 5 |  5.0
Evocations     | 1 2 3 4 5 |  5.0
Hexes          | 1 2 3 4 |  4.1
Charms         | 1 2 3 4 |  4.1
Summonings     | 1 2 3 4 |  4.1
Necromancy     | 1 2 3 4 |  4.1
Translocations | 1 2 3 4 |  4.1
Transmutations | 1 2 3 4 |  4.1
Fire Magic     | 1 2 3 4 |  4.1
Ice Magic      | 1 2 3 4 |  4.1
Earth Magic    | 1 2 3 4 |  4.1
Poison Magic   | 1 2 3 4 |  4.1
Dodging        | 5 6 |  6.9
Stealth        | 5 6 |  6.6
Air Magic      | 6 7 |  7.0

Action                   |  1- 3 |  4- 6 |  7- 9 | 10-12 || total
-------------------------+-------+-------+-------+-------++-------
Melee: Rapier            |       |       |    18 |     4 ||    22
       Bite              |       |       |     1 |     1 ||     2
 Cast: Shock             |    66 |    67 |   260 |    21 ||   414
       Static Discharge  |       |       |    25 |     1 ||    26
       Freeze            |       |       |    24 |    17 ||    41
  Use: Scroll            |       |       |    16 |     2 ||    18
       Potion            |       |       |     1 |     1 ||     2
 Stab: Sleeping          |       |       |     1 |       ||     1
  Eat: Chunk             |     3 |     3 |     5 |     1 ||    12
       Ration            |       |       |     3 |       ||     3
Armor: Robe              |     1 |     2 |    12 |     6 ||    21
Dodge: Dodged            |     8 |    13 |    75 |    34 ||   130

Table legend:
 A = Non-vault XP
 B = Vault XP
 C = Vault XP percentage of total XP
 D = Non-vault monster count
 E = Vault monster count
 F = Vault count percentage of total count
                 A         B        C        D         E       F
            +---------+---------+-------+---------+---------+-------
      Total |    3274 |    2732 |  45.5 |     120 |      41 |  25.5
            +---------+---------+-------+---------+---------+-------
        D:1 |      21 |       8 |  27.6 |      11 |       4 |  26.7
        D:2 |      50 |       0 |   0.0 |      20 |       0 |   0.0
        D:3 |      43 |     300 |  87.5 |      20 |       7 |  25.9
        D:4 |     431 |       0 |   0.0 |      14 |       0 |   0.0
        D:5 |     601 |       0 |   0.0 |      16 |       0 |   0.0
        D:6 |     790 |     290 |  26.9 |      16 |       2 |  11.1
        D:7 |    1016 |     103 |   9.2 |      16 |       6 |  27.3
        D:8 |     322 |    1109 |  77.5 |       7 |       6 |  46.2
     Bailey |       0 |     922 | 100.0 |       0 |      16 | 100.0
            +---------+---------+-------+---------+---------+-------
